 Dungeon Crawl Stone Soup version 0.30.0-18-gc0e69614cb (webtiles) character file.

Game seed: 10946521654732447714

14828 cheesebisquit the Frost Mage (level 12, -18/77 HPs)
             Began as a Merfolk Ice Elementalist on May 24, 2023.
             Was an Initiate of Gozag.
             Demolished by a skeletal warrior
             ... wielding a +0 halberd
              (28 damage)
             ... on level 12 of the Dungeon.
             The game lasted 01:13:43 (15541 turns).

cheesebisquit the Frost Mage (MfIE)                Turns: 15541, Time: 01:13:43

Health: -18/77     AC: 15    Str:  9    XL:     12   Next: 20%
Magic:  25/28      EV: 17    Int: 21    God:    Gozag
Gold:   3042       SH:  0    Dex: 17    Spells: 5/21 levels left

rFire   . . .        H - +9 shortbow of Blind Justice {elec, Int+2 Dex+3}
rCold   . . .        (shield currently unavailable)
rNeg    . . .        J - +1 leather armour {Will+}
rPois   .            Y - +0 helmet
rElec   .            h - +1 cloak
rCorr   .            e - +0 pair of gloves
SInv    .            (no boots)
Will    ++...        c - amulet of regeneration
Stlth   +++          g - ring of willpower
HPRegen 1.12/turn    y - ring of magical power
MPRegen 0.21/turn

%: no passive effects
@: ice-armoured
A: (nimble swimmer 2), mertail, frail 1, sense surroundings 1, wild magic 1
a: Renounce Religion, Potion Petition, Call Merchant, Bribe Branch


You were on level 12 of the Dungeon.
You worshipped Gozag.
Gozag was most pleased with you.
You visited 2 branches of the dungeon, and saw 13 of its levels.
You also visited: Bailey.

You collected 3079 gold pieces.
You paid 37 gold pieces to Gozag.

Inventory:

Hand Weapons
 b - the +7 dagger of the Silent Majority {holy, Str+7 Dex+3 Stlth+}
   (You found it on level 3 of the Dungeon)

   Str:       It affects your strength (+7).
   Dex:       It affects your dexterity (+3).
   Stlth:     It makes you more stealthy.
 s - a +1 vampiric dagger
 t - a +1 mace of venom
 u - a +0 halberd
 C - a +0 trident
 G - a +1 morningstar of protection
 H - the +9 shortbow of Blind Justice (weapon) {elec, Int+2 Dex+3}
   (You found it in a bailey)

   Int:       It affects your intelligence (+2).
   Dex:       It affects your dexterity (+3).
 I - the +8 quarterstaff of the Gloaming {antimagic, Dex+3}
   (You took it off a kobold on level 8 of the Dungeon)

   Dex:       It affects your dexterity (+3).
Missiles
 f - 14 atropa-tipped darts
 i - 3 javelins
 q - 10 curare-tipped darts
 B - 22 boomerangs
 F - 42 poisoned darts
 M - a throwing net
Armour
 a - a +0 robe
 e - a +0 pair of gloves (worn)
 h - a +1 cloak (worn)
 l - a +0 chain mail
 w - a +1 scale mail of willpower
 J - a +1 leather armour of willpower (worn)
 Q - a +1 leather armour of poison resistance
 Y - a +0 helmet (worn)
Jewellery
 c - an amulet of regeneration (around neck)
 g - a ring of willpower (left hand)
 k - a ring of fire
 y - a ring of magical power (right hand)
 A - an amulet of guardian spirit
 N - an amulet of magic regeneration
Wands
 K - a wand of paralysis (10)
 O - a wand of flame (9)
 R - a wand of iceblast (10)
 T - a wand of light (4)
Scrolls
 d - a scroll of identify
 j - 3 scrolls of poison
 p - 2 scrolls of vulnerability
 r - 6 scrolls of fear
 v - a scroll of fog
 x - a scroll of enchant weapon
 D - 3 scrolls of magic mapping
 S - a scroll of amnesia
 V - a scroll of immolation
Potions
 m - 3 potions of brilliance
 n - 5 potions of curing
 o - a potion of resistance
 z - 3 potions of ambrosia
 E - 3 potions of haste
 L - 2 potions of magic
 U - a potion of lignification
 W - a potion of invisibility
 X - a potion of flight


   Skills:
 + Level 5.0 Fighting
 - Level 5.0 Short Blades
 + Level 10.0 Ranged Weapons
 + Level 10.0 Dodging
 + Level 5.1 Stealth
 - Level 5.0 Spellcasting
 + Level 0.3 Conjurations
 - Level 5.0 Summonings
 + Level 10.7 Ice Magic
 + Level 0.3 Air Magic


You had 5 spell levels left.
You knew the following spells:

 Your Spells              Type           Power      Damage    Failure   Level
a - Freeze                Ice            100%       1d10      1%          1
b - Ozocubu's Armour      Ice            60%        N/A       1%          3
c - Frozen Ramparts       Ice            100%       1d16      1%          3
d - Summon Ice Beast      Ice/Summ       49%        N/A       10%         4
e - Freezing Cloud        Conj/Ice/Air   13%        6-21      73%         5

Your spell library contained the following spells:

 Spells                   Type           Power      Damage    Failure   Level
 Call Imp                 Summ           68%        N/A       5%          2
 Magic Dart               Conj           32%        1d4       21%         1
 Cigotuvi's Dreadful Rot  Necr/Pois/Air  14%        N/A       30%         2
 Mephitic Cloud           Conj/Pois/Air  7%         N/A       47%         3
 Ignite Poison            Fire/Tmut/Pois 6%         N/A       50%         3
 Tukima's Dance           Hex            6%         N/A       50%         3
 Animate Armour           Summ/Erth      40%        N/A       56%         4
 Passage of Golubria      Tloc           6%         N/A       88%         4
 Blade Hands              Tmut           3%         N/A       99%         5
 Yara's Violent Unravell  Hex/Tmut       3%         3d4       99%         5
 Iron Shot                Conj/Erth      3%         9d2       100%        6
 Chain Lightning          Conj/Air       4%         3d5       100%        9
 Fire Storm               Conj/Fire      3%         8d1       100%        9
 Shatter                  Erth           3%         3d7*      100%        9


Dungeon Overview and Level Annotations

Branches:
Dungeon (12/15)            Temple (1/1) D:4            Lair (0/5) D:8
 Bailey (visited)
    Orc: D:9-12

Altars:
Ashenzari
Cheibriados
Dithmenos
Elyvilon
Fedhas
Gozag
Hepliaklqana
Kikubaaqudgha
Makhleb
Nemelex Xobeh
Okawaru
Qazlal
Ru
Sif Muna
Trog
Uskayaw
Vehumet
Wu Jian
Xom
Yredelemnul
Zin
The Shining One

Shops:
D:6 :*(*(

Portals:
Abyss: D:10

Annotations:
D:7 1 runed translucent door, Crazy Yiuf
D:10 2 transporters, exclusion: obsidian statue, anacleto's ghost, journeyman TrBe
D:11 2 transporters, Daetic's ghost, journeyman FoIE


Innate Abilities, Weirdness & Mutations

((You are very nimble when in or above water. (Stealth+, EV+, Speed+++)))
Your lower body shifts to a powerful aquatic tail in water.
You are frail. (-10% HP)
You passively map a small area around you.
Your spells are a little harder to cast, but a little more powerful.


Message History

Aim: a skeletal warrior, wielding a +0 halberd (almost destroyed, 74% to hit)
You shoot an arrow. The arrow hits the skeletal warrior.
The skeletal warrior is almost destroyed.
The skeletal warrior resists.
The wall freezes the skeletal warrior.
The skeletal warrior hits you from afar with a +0 halberd.
Fire: H) +9 shortbow of Blind Justice {elec, Int+2 Dex+3}
Press: ? - help, Q - select action, (/) - cycle Shift-Dir - straight line, f/p - skeletal warrior
Aim: a skeletal warrior, wielding a +0 halberd (almost destroyed, 74% to hit)
You shoot an arrow.
The arrow barely misses the skeletal warrior.
The skeletal warrior resists.
The wall freezes the skeletal warrior.
The skeletal warrior hits you from afar with a +0 halberd!
* * * LOW HITPOINT WARNING * * *
You feel much better.
The wall freezes the skeletal warrior but does no damage.
The skeletal warrior hits you from afar with a +0 halberd!!
* * * LOW HITPOINT WARNING * * *
Okay, then.
Fire: H) +9 shortbow of Blind Justice {elec, Int+2 Dex+3}
Press: ? - help, Q - select action, (/) - cycle Shift-Dir - straight line, f/p - skeletal warrior
Aim: a skeletal warrior, wielding a +0 halberd (almost destroyed, 74% to hit)
You shoot an arrow.
The arrow closely misses the skeletal warrior.
The frozen ramparts melt away.
The skeletal warrior hits you from afar with a +0 halberd.
* * * LOW HITPOINT WARNING * * *
Fire: H) +9 shortbow of Blind Justice {elec, Int+2 Dex+3}
Press: ? - help, Q - select action, (/) - cycle Shift-Dir - straight line, f/p - skeletal warrior
Aim: a skeletal warrior, wielding a +0 halberd (almost destroyed, 74% to hit)
You shoot an arrow.
The arrow barely misses the skeletal warrior.
The skeletal warrior misses you.
Fire: H) +9 shortbow of Blind Justice {elec, Int+2 Dex+3}
Press: ? - help, Q - select action, (/) - cycle Shift-Dir - straight line, f/p - skeletal warrior
Aim: a skeletal warrior, wielding a +0 halberd (almost destroyed, 74% to hit)
You shoot an arrow.
The arrow barely misses the skeletal warrior.
The skeletal warrior hits you from afar with a +0 halberd!!
You die...
Your body crumbles into a pile of gold.

,, ,,#............#
## , #............#
.#######............#
....)...)...........#
..).))).............#
.###############....#
.# #z...# .### #)...#
...# #@...# ...#
#....# ...# #..###
...#############..#
..................#
..................#
###########.......# #
#.......# # #..[....#


You could see a skeletal warrior.

Vanquished Creatures
  Harold (D:9)
  2 two-headed ogres
  Erica (D:9)
  2 skeletal warriors (D:12)
  Pikel (D:7)
  2 gargoyles (D:11)
  Psyche (D:10)
  A kobold demonologist (D:11)
  2 hornets
  The ghost of Sans23 the Shooter, an amateur HuWn of Nemelex Xobeh (D:5)
  29 yaks
  2 wyverns
  2 wraiths (D:9)
  2 vampires (D:11)
  3 vampire mosquitoes (D:11)
  Menkaure (D:6)
  An acid dragon (D:8)
  2 water moccasins
  3 orc warriors
  3 black bears (D:5)
  2 ice beasts (D:6)
  An ogre (D:5)
  3 centaurs
  8 kobold brigands
  3 bullfrogs
  3 scorpions
  4 wights (D:7)
  11 howler monkeys
  3 hounds (D:5)
  2 jellies
  2 orc priests
  A gnoll bouda (D:10)
  6 orc wizards
  Terence (D:2)
  An iguana (D:5)
  2 sleepcaps (D:6)
  6 adders
  15 gnolls
  A white imp (D:7)
  3 worms
  2 dart slugs
  26 orcs
  3 ball pythons
  3 endoplasms
  3 giant cockroaches
  9 goblins
  12 hobgoblins
  10 jackals
  40 kobolds
  3 quokkas
  6 bats
  6 frilled lizards
  5 rats
268 creatures vanquished.

Notes
Turn   | Place    | Note
-------+----------+-------------------------------------------
     0 | D:1      | cheesebisquit the Merfolk Ice Elementalist began the quest
                  | for the Orb.
     0 | D:1      | Reached XP level 1. HP: 13/13 MP: 3/3
   200 | D:1      | Reached XP level 2. HP: 19/19 MP: 0/5
   702 | D:1      | Reached skill level 1 in Fighting
   702 | D:1      | Reached XP level 3. HP: 26/26 MP: 4/6
  1504 | D:1      | Learned a level 3 spell: Ozocubu's Armour
  1766 | D:2      | Noticed Terence
  1877 | D:2      | Reached XP level 4. HP: 26/33 MP: 3/7
  2320 | D:2      | Reached XP level 5. HP: 40/40 MP: 3/8
  2807 | D:2      | Learned a level 3 spell: Frozen Ramparts
  3383 | D:3      | Identified the +7 dagger of the Silent Majority {holy,
                  | Str+7 Dex+3 Stlth+}
  3689 | D:3      | Found a sacrificial altar of Ru.
  3798 | D:2      | Gained mutation: Your spells are a little harder to cast,
                  | but a little more powerful. [potion of mutation]
  3798 | D:2      | Gained mutation: You are frail. (-10% HP) [potion of
                  | mutation]
  3798 | D:2      | Gained mutation: You passively map a small area around you.
                  | [potion of mutation]
  3996 | D:4      | Found an ancient bone altar of Kikubaaqudgha.
  4016 | D:4      | Reached skill level 5 in Stealth
  4016 | D:4      | Reached XP level 6. HP: 43/43 MP: 4/9
  4313 | D:4      | Found a staircase to the Ecumenical Temple.
  4327 | Temple   | Entered the Ecumenical Temple
  4422 | Temple   | Became a worshipper of Gozag Ym Sagoz the Greedy
  5181 | D:3      | Found a sacrificial altar of Ru.
  5267 | D:2      | Killed Terence
  5898 | D:5      | Entered Level 5 of the Dungeon
  5982 | D:5      | Found a runed translucent door.
  6109 | D:5      | Noticed a black bear
  6110 | D:5      | Noticed Sans23's ghost (amateur HuWn)
  6292 | D:5      | Reached skill level 5 in Fighting
  6579 | D:5      | Noticed a black bear
  6602 | D:5      | Killed a black bear
  6603 | D:5      | Reached skill level 5 in Dodging
  6603 | D:5      | Reached XP level 7. HP: 35/50 MP: 0/10
  6717 | D:5      | Reached skill level 1 in Short Blades
  6978 | D:5      | Reached skill level 5 in Short Blades
  6978 | D:5      | Reached skill level 5 in Ice Magic
  6980 | D:5      | Noticed a hornet
  6983 | D:5      | Learned a level 4 spell: Summon Ice Beast
  7022 | D:5      | Paralysed by a hornet for 3 turns
  7030 | D:5      | Killed a hornet
  7031 | D:5      | Reached XP level 8. HP: 31/55 MP: 6/14
  7702 | D:6      | Reached skill level 5 in Spellcasting
  7773 | D:6      | Found a stormy altar of Qazlal.
  8093 | D:6      | Found Liehupio's Book Emporium.
  8112 | D:6      | Found Xamyl's Antique Weapon Emporium.
  8147 | D:6      | Found Urrituell's Overcharged Wands.
  8221 | D:6      | Found a basalt altar of Yredelemnul.
  8331 | D:6      | Found a shadowy altar of Dithmenos.
  8390 | D:6      | Found Qeteu's Antique Weapon Shop.
  8426 | D:6      | Reached XP level 9. HP: 61/61 MP: 16/16
  8685 | D:5      | Killed Sans23's ghost
  8827 | D:6      | Found Uhyh Ilo's General Store.
  8828 | D:6      | Noticed Menkaure
  8830 | D:6      | Killed Menkaure
  9200 | D:7      | Found a flagged portal.
  9216 | Bailey   | Entered a bailey
  9398 | Bailey   | Found a bloodstained altar of Trog.
  9415 | Bailey   | Identified the +9 shortbow of Blind Justice {elec, Int+2
                  | Dex+3}
  9495 | D:7      | Reached skill level 10 in Ice Magic
  9508 | D:7      | Reached skill level 1 in Summonings
  9585 | D:7      | Found a runed translucent door.
  9586 | D:7      | Noticed Crazy Yiuf
  9858 | D:7      | Noticed Pikel
  9866 | D:7      | Killed Pikel
  9867 | D:7      | Reached skill level 5 in Summonings
  9867 | D:7      | Reached XP level 10. HP: 59/66 MP: 17/17
 10543 | D:8      | Reached skill level 5 in Ranged Weapons
 10786 | D:8      | Found a staircase to the Lair.
 10823 | D:8      | Identified the +8 quarterstaff of the Gloaming {antimagic,
                  | Dex+3}
 11250 | D:9      | Noticed Harold
 11317 | D:9      | Noticed a two-headed ogre
 11409 | D:9      | Killed Harold
 11410 | D:9      | Reached XP level 11. HP: 48/71 MP: 18/18
 11705 | D:9      | Killed a two-headed ogre
 11767 | D:9      | Noticed Erica
 11774 | D:9      | Killed Erica
 12454 | D:10     | Entered Level 10 of the Dungeon
 12513 | D:10     | Noticed Psyche
 12519 | D:10     | Killed Psyche
 12573 | D:10     | Noticed a two-headed ogre
 12582 | D:10     | Killed a two-headed ogre
 12583 | D:10     | Reached skill level 10 in Ranged Weapons
 12617 | D:10     | Found a transporter.
 12617 | D:10     | Noticed a great orb of eyes
 12764 | D:10     | Noticed a worldbinder
 12849 | D:10     | Found a hide-covered altar of Uskayaw.
 12852 | D:10     | Noticed an obsidian statue
 12859 | D:10     | Found a hazy altar of Hepliaklqana.
 12895 | D:10     | Found a shimmering blue altar of Sif Muna.
 13705 | D:10     | Noticed anacleto's ghost (journeyman TrBe)
 13955 | D:10     | Found a transporter.
 13982 | D:10     | Found a one-way gate to the infinite horrors of the Abyss.
 14136 | D:10     | Noticed a soul eater
 14648 | D:11     | Reached XP level 12. HP: 77/77 MP: 19/19
 14692 | D:11     | Found a transporter.
 14772 | D:11     | Reached skill level 10 in Dodging
 14778 | D:11     | Learned a level 5 spell: Freezing Cloud
 14835 | D:11     | Noticed Daetic's ghost (journeyman FoIE)
 14844 | D:11     | Found a transporter.
 15541 | D:12     | Demolished by a skeletal warrior

Illustrated notes

Levels and vault maps discovered:
D:1:      lightli_arrival_windingriver, layout_loops_corners, minmay_hexomino_c4
D:2:      layout_loops_ring, uniq_terence
D:3:      layout_basic, hangedman_ru_absence
D:4:      layout_cave_pods, kiku_gazebo_garden_becter, temple_pool_b,
          serial_bayou_lagoon_a, minmay_misc_feat_iff
D:5:      minmay_diamond_boxcup, layout_basic, ebering_ghost_reflecting_pool
D:6:      layout_basic, old_standard_altar, mainiacjoe_overflow_24_doors,
          mainiacjoe_overflow_concentric_impassable, serial_shops, shop,
          shop_statue, nicolae_shop_tiny_real_fake_doors, shop,
          nicolae_shop_overcharged_wands, uniq_menkaure
D:7:      layout_rooms, enter_bailey_5, uniq_pikel, uniq_crazy_yiuf_cottage
D:8:      layout_loops_ring, dpeg_oklobed_lair, serial_glass, glass_columns_a,
          glass_columns_b, due_unseen_surprise, feat_on_display,
          feat_on_display, minmay_strange_pillars, kennysheep_small_square
D:9:      layout_loops_ring, uniq_erica, uniq_harold
D:10:     layout_stronghold, general_overflow_altar,
          mainiacjoe_overflow_big_doors, gammafunk_ghost_abyssal_escape,
          minmay_statue_bubble, uniq_psyche
D:11:     layout_long_grid, gammafunk_ghost_berserking_beasts, st_stairs_14
D:12:     layout_irregular_city, erik_orc_1, serial_shops, shop_statue,
          uniq_kirke
Temple:   zaba_magenta_temple

Skill      XL: |  1  2  3  4  5  6  7  8  9 10 11 12 |
---------------+-------------------------------------+-----
Fighting       | 1 2 3 5 |  5.0
Stealth        | 3 4 5 |  5.1
Dodging        | 5 9 10 | 10.0
Short Blades   | 5 |  5.0
Ice Magic      | 5 7 10 | 10.7
Spellcasting   | 4 5 |  5.0
Summonings     | 5 |  5.0
Ranged Weapons | 2 7 10 | 10.0
Conjurations   | |  0.3
Air Magic      | |  0.3

Action                     |  1- 3 |  4- 6 |  7- 9 | 10-12 || total
---------------------------+-------+-------+-------+-------++-------
  Melee: Dagger            |    32 |    24 |    53 |       ||   109
         Halberd           |       |    17 |       |       ||    17
         Punch             |       |       |     1 |       ||     1
   Fire: Shortbow          |       |       |    45 |   285 ||   330
  Throw: Javelin           |     1 |       |     1 |       ||     2
         Dart              |       |     7 |     2 |     1 ||    10
         Boomerang         |       |       |    19 |       ||    19
   Cast: Freeze            |    57 |    86 |    90 |       ||   233
         Ozocubu's Armour  |       |       |    15 |    35 ||    50
         Frozen Ramparts   |       |       |    13 |    41 ||    54
    Use: Potion            |       |     9 |     3 |     3 ||    15
         Scroll            |       |     7 |     4 |     5 ||    16
   Stab: Sleeping          |     1 |     9 |     6 |       ||    16
         Invisible         |       |     1 |       |       ||     1
         Distracted        |       |       |     1 |       ||     1
 Armour: Robe              |    16 |    20 |    37 |       ||    73
         Leather armour    |       |       |     2 |    45 ||    47
  Dodge: Dodged            |    46 |    79 |    88 |    98 ||   311
